 Dungeon Crawl Stone Soup version 0.29-a0-1033-gb6c65ffae6 (webtiles) character file.

Game seed: 5726280356259031586

41 polve the Cutter (level 3, -6/29 HPs)
             Began as a Demonspawn Abyssal Knight on Aug 14, 2022.
             Was a Believer of Lugonu.
             Mangled by a gnoll
             ... wielding a +0 halberd
              (10 damage)
             ... on level 2 of the Dungeon.
             The game lasted 00:01:15 (2450 turns).

polve the Cutter (Demonspawn Abyssal Knight)        Turns: 2450, Time: 00:01:15

Health: -6/29      AC:  3    Str: 15    XL:     3   Next: 32%
Magic:  4/4        EV: 11    Int: 11    God:    Lugonu [**....]
Gold:   59         SH:  0    Dex: 13    Spells: 2/2 levels left

rFire   . . .      SeeInvis .   a - +1 short sword
rCold   . . .      Faith    .   (no shield)
rNeg    . . .      Spirit   .   b - +0 leather armour
rPois   .          Reflect  .   (helmet restricted)
rElec   .          Harm     .   (no cloak)
rCorr   .          Rampage  .   (no gloves)
Will    .....                   (no boots)
Stlth   +.........              (no amulet)
HPRegen 0.09/turn               (no ring)
MPRegen 0.09/turn               (no ring)

@: no status effects
A: antennae 1
a: Renounce Religion, Depart the Abyss, Bend Space


You were on level 2 of the Dungeon.
You worshipped Lugonu.
Lugonu was pleased with you.
You visited 1 branch of the dungeon, and saw 2 of its levels.
You visited the Abyss 1 time.

You collected 59 gold pieces.

Inventory:

Hand Weapons
 a - a +1 short sword (weapon)
Armour
 b - a +0 leather armour (worn)
 d - a +0 pair of gloves
Scrolls
 i - a scroll of fear {unknown}
 j - a scroll of fog {unknown}
Potions
 c - 2 potions of berserk rage {unknown}
 e - a potion of curing {unknown}
 f - a potion of lignification {unknown}
 g - a potion of might {unknown}
 h - 2 potions of heal wounds {unknown}


   Skills:
 - Level 3.0 Fighting
 + Level 3.4 Short Blades
 - Level 1.7 Armour
 - Level 0.8 Dodging
 - Level 2.4 Invocations


You had 2 spell levels left.
You didn't know any spells.
Your spell library was empty.

Dungeon Overview and Level Annotations

Branches:
Dungeon (2/15)

Altars:
Sif Muna


Innate Abilities, Weirdness & Mutations

You have a pair of small antennae on your head.


Message History

You swing at nothing.
You see here 2 poisoned darts.
A gnoll comes into view. It is wielding a +0 flail.
The gnoll shouts!
A gnoll is nearby!
A gnoll is nearby!
A gnoll is nearby!
A gnoll comes into view. It is wielding a +0 halberd.
Found a plate armour.
The gnoll misses you.
The gnoll shouts!
You hit the gnoll.
The gnoll is moderately wounded.
You hear a shout!
A gnoll comes into view. It is wielding a +0 flail.
A kobold comes into view. It is wielding a +0 short sword.
The gnoll closely misses you.
The kobold shouts!
You hit the gnoll.
The gnoll is heavily wounded.
The gnoll hits you with a +0 flail!
You are too injured to fight recklessly!
You are too injured to fight recklessly!
You are too injured to fight recklessly!
You are too injured to fight recklessly!
You are too injured to fight recklessly!
You are too injured to fight recklessly!
The gnoll attacks as you move away! The gnoll hits you with a +0 flail.
A frilled lizard comes into view.
The frilled lizard hisses angrily.
The gnoll attacks as you move away! The gnoll barely misses you.
The gnoll closely misses you. The gnoll hits you with a +0 halberd!
* * * LOW HITPOINT WARNING * * *
You barely miss the gnoll. The gnoll hits you but does no damage.
You closely miss the gnoll. The gnoll hits you but does no damage.
You barely miss the gnoll. The gnoll barely misses you.
You hit the gnoll.
The gnoll is moderately wounded.
The gnoll hits you with a +0 halberd!
You die...

...............#
...............##
.................
........#l.......
#########K##.....
#g##........#
#g##........#
#g##........######
#@##........##....
########.##........##....
#.(......##........##....
#.###...###..†.....##....
#.# #...# #........##....
#.# #...###........##....
#.###...........#####....
#.#.............'...'....
#.#.###.........#####....


You could see 3 gnolls, a kobold and a frilled lizard.

Vanquished Creatures
  An adder (D:2)
  3 dart slugs
  3 endoplasms (D:1)
  2 goblins
  A hobgoblin (D:2)
  2 jackals (D:2)
  4 ball pythons (D:1)
  2 bats (D:2)
  3 kobolds
  5 rats
26 creatures vanquished.

Vanquished Creatures (others)
  A fungus (D:2)
  2 plants (D:2)
3 creatures vanquished.

Grand Total: 29 creatures vanquished

Notes
Turn   | Place    | Note
-------+----------+-------------------------------------------
     0 | Abyss:1  | polve the Demonspawn Abyssal Knight began the quest for the
                  | Orb.
     0 | Abyss:1  | Reached XP level 1. HP: 18/18 MP: 2/2
    18 | Abyss:1  | Found a corrupted altar of Lugonu.
    19 | D:1      | Escaped the Abyss
   320 | D:1      | Reached ** piety under Lugonu
   903 | D:1      | Gained mutation: You have a pair of small antennae on your
                  | head. [demonic ancestry]
   903 | D:1      | Reached XP level 2. HP: 13/24 MP: 3/3
  1659 | D:2      | HP: 1/24 [endoplasm (1)]
  1938 | D:2      | Reached XP level 3. HP: 29/29 MP: 4/4
  2182 | D:2      | Found a faded altar of an unknown god.
  2188 | D:2      | Found a shimmering blue altar of Sif Muna.
  2450 | D:2      | Mangled by a gnoll

Illustrated notes

Levels and vault maps discovered:
D:1:      matt_arrival_los_fun, layout_basic
D:2:      layout_basic, shapermc_ecumenical_altar_acropolis, serial_glass,
          glass_columns_a, glass_columns_a, basic_altar,
          kennysheep_cross_bottleneck, kennysheep_doodads

Skill      XL: |  1  2 |
---------------+-------+-----
Short Blades   | 2 3 |  3.4
Fighting       | |  3.0
Armour         | |  1.7
Dodging        | |  0.8
Invocations    | |  2.4

Action                   || total
-------------------------++-------
Melee: Short sword       ||   102
       Punch             ||     1
Invok: Depart the Abyss  ||     1
 Stab: Sleeping          ||     1
Armor: Leather armour    ||    40
Dodge: Dodged            ||    59

Table legend: (Time is in decaauts)
 A = Elapsed time spent in this place.
 B = Non-inter-level travel time spent in this place.
 C = Inter-level travel time spent in this place.
 D = Time resting spent in this place.
 E = Time spent auto-exploring this place.
 F = Levels seen in this place.
 G = Mean time per level.
                   A        B        C        D        E       F      G
               +--------+--------+--------+--------+--------+-----+--------+
         Total |   2447 |   2418 |     29 |      0 |   2146 |   3 |  815.7 |
       Dungeon |   2428 |   2399 |     29 |      0 |   2129 |   2 | 1214.0 |
         Abyss |     19 |     19 |      0 |      0 |     17 |   1 |   19.0 |
               +--------+--------+--------+--------+--------+-----+--------+

Top non-repeatable levels by time:
     D:1: 1867 daAuts
     D:2: 561 daAuts
 Abyss:1: 19 daAuts
